 Dungeon Crawl Stone Soup version 0.28-a0-872-g80cf8599ee (webtiles) character file.

Game seed: 17607406400699907553

4611 bjtr the Geomancer (level 10, -5/74 HPs)
             Began as a Formicid Earth Elementalist on Nov 20, 2021.
             Was a Believer of Sif Muna.
             Slain by a two-headed ogre (18 damage)
             ... on level 9 of the Dungeon.
             The game lasted 00:41:24 (12451 turns).

bjtr the Geomancer (Formicid Earth Elementalist)   Turns: 12451, Time: 00:41:24

Health: -5/74      AC: 14    Str: 12    XL:     10   Next: 69%
Magic:  22/22      EV: 11    Int: 25    God:    Sif Muna [**....]
Gold:   486        SH:  0    Dex: 11    Spells: 15/25 levels left

rFire   . . .      SeeInvis +   a - +9 mace "bjtr's Death" {drain, rCorr}
rCold   . . .      Faith    .   (no shield)
rNeg    . . .      Spirit   .   g - +0 ring mail
rPois   .          Reflect  .   (helmet unavailable)
rElec   .          Harm     .   y - +0 cloak
rCorr   +          Rampage  .   z - +0 pair of gloves
Will    +....                   v - +0 pair of boots
Stlth   +.........              (no amulet)
HPRegen 0.22/turn               i - +4 ring of protection
MPRegen 0.18/turn               x - +6 ring of intelligence

@: no status effects
A: permanent stasis, dig shafts and tunnels, antennae 3, four strong arms
a: Dig, Shaft Self, Renounce Religion, Channel Magic


You were on level 9 of the Dungeon.
You worshipped Sif Muna.
Sif Muna was pleased with you.
You visited 2 branches of the dungeon, and saw 10 of its levels.

You collected 534 gold pieces.
You spent 48 gold pieces at shops.

Inventory:

Hand Weapons
 a - the +9 mace "bjtr's Death" (weapon) {drain, rCorr}
   (You found it on level 8 of the Dungeon)

   A truly terrible weapon, it drains the life of any living foe it strikes.
   rCorr:     It protects you from acid and corrosion.
 b - a +0 fustibalus
 c - a +2 war axe of flaming
 d - a +2 flail of protection
 D - a +2 flail of holy wrath
 E - a +0 quarterstaff
 G - a +0 shortbow
 I - a +0 morningstar
Missiles
 e - 54 sling bullets
 f - 205 arrows
 m - 2 curare-tipped darts
 n - 2 silver javelins
 o - 89 bolts
 w - 19 poisoned darts
 L - 241 stones
Armour
 g - a +0 ring mail (worn)
 l - a +0 leather armour
 v - a +0 pair of boots (worn)
 y - a +0 cloak (worn)
 z - a +0 pair of gloves (worn)
Magical Staves
 h - a staff of fire
Jewellery
 i - a +4 ring of protection (left hand)
 q - a ring of protection from fire
 x - a +6 ring of intelligence (right hand)
Wands
 k - a wand of polymorph (17)
 H - a wand of iceblast (5)
 K - a wand of acid (9)
Scrolls
 p - a scroll of silence
 r - a scroll of fear
 t - 2 scrolls of vulnerability
 C - a scroll of brand weapon
 F - a scroll of summoning
Potions
 j - a potion of cancellation
 s - 2 potions of flight
 u - 5 potions of curing
 A - a potion of brilliance
 B - a potion of heal wounds
 M - a potion of attraction {unknown}


   Skills:
 + Level 5.0 Fighting
 + Level 5.8 Armour
 + Level 2.2 Dodging
 - Level 2.4 Stealth
 * Level 8.4 Spellcasting
 - Level 1.1 Transmutations
 * Level 5.2 Fire Magic
 * Level 10.4 Earth Magic
 + Level 3.0 Invocations


You had 15 spell levels left.
You knew the following spells:

 Your Spells              Type           Power      Damage    Failure   Level
a - Sandblast             Erth           100%       2d20      1%          1
b - Passwall              Tmut/Erth      32%        N/A       1%          2
c - Stone Arrow           Conj/Erth      72%        3d11      4%          3
d - Petrify               Tmut/Erth      39%        N/A       11%         4

Your spell library contained the following spells:

 Spells                   Type           Power      Damage    Failure   Level
 Static Discharge         Conj/Air       10%        N/A       19%         2
 Dazzling Flash           Conj/Hex       20%        N/A       34%         3
 Ozocubu's Armour         Ice            10%        N/A       34%         3
 Summon Ice Beast         Ice/Summ       10%        N/A       75%         4
 Agony                    Necr           10%        N/A       97%         5
 Lightning Bolt           Conj/Air       5%         1d17      97%         5
 Metabolic Englaciation   Hex/Ice        5%         N/A       97%         5
 Silence                  Hex/Air        5%         N/A       97%         5
 Summon Mana Viper        Hex/Summ       10%        N/A       97%         5
 Simulacrum               Ice/Necr       5%         N/A       100%        6
 Monstrous Menagerie      Summ           5%         N/A       100%        7
 Maxwell's Capacitive Co  Air            5%         ∞         100%        8


Dungeon Overview and Level Annotations

Branches:
Dungeon (9/15)             Temple (1/1) D:5
   Lair: D:8-11         Orc: D:9-12

Altars:
Ashenzari
Cheibriados
Dithmenos
Elyvilon
Fedhas
Gozag
Hepliaklqana
Kikubaaqudgha
Makhleb
Nemelex Xobeh
Okawaru
Qazlal
Ru
Sif Muna
Trog
Uskayaw
Vehumet
Wu Jian
Xom
Yredelemnul
Zin
The Shining One

Shops:
D:3 ?   D:4 **

Annotations:
D:5 2 transporters, ytrimaz's ghost, novice DsFi


Innate Abilities, Weirdness & Mutations

You cannot be hasted, slowed, berserked, paralysed or teleported.
You can dig through walls and to a lower floor.
You have a pair of large antennae on your head. (SInv)
Your four strong arms can wield two-handed weapons with a shield.


Message History

The killer bee moves out of view.
The killer bee stings you but does no damage.
The killer bee stings you but does no damage.
The killer bee closely misses you.
The killer bee stings you but does no damage.
The killer bee stings you but does no damage.
The killer bee stings you.
You are poisoned.
The killer bee poisons you!
You sock the killer bee!
The killer bee is heavily wounded.
You feel very sick.
The killer bee stings you. x2; The killer bee closely misses you.
You closely miss the killer bee.
The killer bee is heavily wounded.
You feel sick.
The killer bee stings you but does no damage.
The killer bee stings you. x2
You sock the killer bee!
You kill the killer bee!
Sif Muna accepts your kill.
You feel sick. The killer bee stings you.
The killer bee stings you but does no damage.
Unknown command.
You thump the killer bee! You drain the killer bee.
You kill the killer bee!
Sif Muna accepts your kill.
You feel sick.
The centaur wields a +0 shortbow.
The centaur shoots an arrow.
The arrow hits you!
Unknown command.
You sock the two-headed ogre!
The two-headed ogre is lightly wounded.
You feel sick.
You are no longer poisoned.
The two-headed ogre hits you with a +0 giant club!
The two-headed ogre hits you with a +0 giant spiked club!
* * * LOW HITPOINT WARNING * * *
The two-headed ogre closely misses you.
The two-headed ogre hits you with a +0 giant spiked club!!
You die...

#....# #....#
#.##.# #.##.#
#....# #........
#....#.. #........
#c...#...#........
#O##.# ..#........
#@##.# ..'........
#.##.#####........
#...<.........)...
#.............)...
#.................
#.##..............
#.................
#.................
#.#...........####


You could see a two-headed ogre and a centaur.

Vanquished Creatures
  A two-headed ogre (D:9)
  A troll (D:8)
  4 yaks (D:8)
  Menkaure (D:4)
  Edmund (D:4)
  A water moccasin (D:9)
  An ice beast (D:5)
  2 orc warriors
  A necrophage (D:4)
  4 centaurs
  2 ogres
  2 bullfrogs
  A scorpion (D:7)
  8 killer bees
  4 howler monkeys (D:8)
  5 electric eels (D:7)
  A bullfrog zombie (D:5)
  2 gnoll shamans
  3 orc priests
  2 hounds
  2 bullfrog skeletons
  A jelly (D:7)
  6 iguanas
  An iron imp (D:5)
  15 orc wizards
  A killer bee zombie (D:8)
  A howler monkey zombie (D:9)
  7 gnolls
  6 adders
  2 shadow imps
  A white imp (D:5)
  An ufetubus (D:5)
  2 adder skeletons
  A worm (D:2)
  A dart slug (D:1)
  20 orcs
  3 endoplasms
  4 giant cockroaches
  6 hobgoblins
  3 quokkas (D:1)
  6 ball pythons
  3 bats
  4 frilled lizards
  4 goblins
  3 kobolds
  5 rats
156 creatures vanquished.

Vanquished Creatures (others)
  A gnoll (D:7)
  An orc (D:6)
  18 plants (D:7)
20 creatures vanquished.

Grand Total: 176 creatures vanquished

Notes
Turn   | Place    | Note
-------+----------+-------------------------------------------
     0 | D:1      | bjtr the Formicid Earth Elementalist began the quest for
                  | the Orb.
     0 | D:1      | Reached XP level 1. HP: 13/13 MP: 3/3
   132 | D:1      | Found a faded altar of an unknown god.
   481 | D:1      | Reached skill level 4 in Earth Magic
   481 | D:1      | Reached XP level 2. HP: 16/19 MP: 1/5
   654 | D:1      | Learned a level 2 spell: Passwall
  1725 | D:2      | Reached XP level 3. HP: 24/24 MP: 3/6
  2090 | D:2      | Reached XP level 4. HP: 30/30 MP: 8/8
  2154 | D:2      | Reached skill level 1 in Invocations
  2574 | D:3      | Reached skill level 1 in Fire Magic
  2580 | D:3      | Reached skill level 5 in Earth Magic
  2611 | D:3      | Reached XP level 5. HP: 6/35 MP: 4/9
  2926 | D:3      | Found Bevebbeb's Magic Scroll Shoppe.
  2934 | D:3      | Bought a scroll of identify for 24 gold pieces
  2934 | D:3      | Bought a scroll of identify for 24 gold pieces
  3357 | D:4      | Noticed a necrophage
  3376 | D:4      | Killed a necrophage
  3377 | D:4      | Reached XP level 6. HP: 22/41 MP: 4/11
  3539 | D:4      | Learned a level 3 spell: Stone Arrow
  3744 | D:4      | Found a glowing golden altar of the Shining One.
  3750 | D:4      | Found a blossoming altar of Fedhas.
  3750 | D:4      | Found a shimmering altar of Xom.
  3763 | D:4      | Found a hide-covered altar of Uskayaw.
  3766 | D:4      | Found an ornate altar of the Wu Jian Council.
  3847 | D:4      | Noticed Menkaure
  3851 | D:4      | Killed Menkaure
  3852 | D:4      | Reached skill level 6 in Earth Magic
  3852 | D:4      | Reached XP level 7. HP: 47/47 MP: 3/14
  3976 | D:4      | Noticed Edmund
  4358 | D:4      | Reached skill level 1 in Fighting
  4358 | D:4      | Reached skill level 5 in Spellcasting
  4534 | D:4      | Killed Edmund
  4823 | D:4      | Reached skill level 7 in Earth Magic
  4968 | D:4      | Reached XP level 8. HP: 39/54 MP: 16/16
  5076 | D:4      | Found Egahad's Specific Store.
  5078 | D:4      | Found Xyuguyff's General Store.
  5125 | D:4      | Found a sparkling altar of Nemelex Xobeh.
  5250 | D:5      | Entered Level 5 of the Dungeon
  5715 | D:5      | Found a sacrificial altar of Ru.
  5715 | D:5      | Found an opulent altar of Gozag.
  5724 | D:5      | Found a staircase to the Ecumenical Temple.
  5733 | Temple   | Entered the Ecumenical Temple
  5842 | Temple   | Became a worshipper of Sif Muna the Loreminder
  5989 | D:5      | Found a transporter.
  5989 | D:5      | Noticed ytrimaz's ghost (novice DsFi)
  6216 | D:5      | Found a transporter.
  6415 | D:5      | Found a burning altar of Makhleb.
  6539 | D:6      | Found a radiant altar of Vehumet.
  6812 | D:6      | Reached skill level 1 in Armour
  7127 | D:6      | Reached skill level 8 in Earth Magic
  7480 | D:6      | Reached XP level 9. HP: 61/62 MP: 18/18
 10223 | D:8      | Noticed a troll
 10237 | D:8      | Killed a troll
 10238 | D:8      | Reached skill level 9 in Earth Magic
 10297 | D:8      | Reached * piety under Sif Muna
 10371 | D:8      | Found a stormy altar of Qazlal.
 10413 | D:8      | Learned a level 4 spell: Petrify
 10631 | D:8      | Reached XP level 10. HP: 62/71 MP: 16/21
 10651 | D:8      | Reached skill level 5 in Armour
 10944 | D:8      | Identified the +9 mace "bjtr's Death" {drain, rCorr}
 11473 | D:9      | Reached skill level 10 in Earth Magic
 11828 | D:9      | Noticed a two-headed ogre
 11842 | D:9      | Killed a two-headed ogre
 11843 | D:9      | Reached skill level 5 in Fire Magic
 11930 | D:9      | Noticed a boulder beetle
 12181 | D:9      | Reached skill level 5 in Fighting
 12436 | D:9      | Noticed a two-headed ogre
 12450 | D:9      | Reached ** piety under Sif Muna
 12451 | D:9      | Slain by a two-headed ogre

Illustrated notes

Levels and vault maps discovered:
D:1:      sevenhm_arrival_forest_fort_small_3, layout_loops_corners,
          hellmonk_ecumenical_altar_heavens_door, minmay_pentomino_o2
D:2:      layout_basic
D:3:      layout_loops_ring, serial_shops, shop_statue, hex_medium,
          hangedman_abyss_or_decor_stabs
D:4:      layout_basic, minmay_overflow_temple_star_hex, kennysheep_mini_moat,
          nicolae_specific_store, minmay_a_box_with_orc_wizards_in_it,
          uniq_edmund, uniq_menkaure
D:5:      layout_cave_pools, gammafunk_temple_overflow_wave,
          makhleb_grotto_becter, minmay_temple_entry_stoned_glass,
          gammafunk_ghost_mausoleum, st_stairs_13, dk_vineyard_3,
          minmay_misc_feat_hallway
D:6:      layout_loops_ring, fiery_altar_vehumet
D:7:      layout_loops_ring, serial_bayou, serial_bayou_pond_a,
          serial_bayou_lake_a, serial_bayou_pond_a, serial_bayou_crossing,
          serial_bayou_shore_a, serial_bayou_pond_a, grunt_decor_mini_mirrors
D:8:      layout_loops_cross, nicolae_qazlal_scattered_showers, st_stairs_9
D:9:      layout_stronghold
Temple:   minmay_temple_curvy_loop

Skill      XL: |  1  2  3  4  5  6  7  8  9 10 |
---------------+-------------------------------+-----
Earth Magic    | 4 5 6 7 8 9 10 | 10.4
Invocations    | 1 2 3 |  3.0
Spellcasting   | 3 4 5 6 7 8 |  8.4
Fire Magic     | 1 2 3 4 5 |  5.2
Fighting       | 1 2 4 5 |  5.0
Armour         | 1 4 5 |  5.8
Dodging        | 2 |  2.2
Stealth        | |  2.4
Transmutations | |  1.1

Action                   |  1- 3 |  4- 6 |  7- 9 | 10-12 || total
-------------------------+-------+-------+-------+-------++-------
Melee: Unarmed           |     7 |       |       |       ||     7
       War axe           |     4 |    41 |   250 |    12 ||   307
       Mace              |     3 |       |       |    67 ||    70
       Dagger            |     1 |       |       |       ||     1
 Fire: Fustibalus        |       |       |     6 |       ||     6
 Cast: Sandblast         |    31 |    23 |     1 |     7 ||    62
       Stone Arrow       |       |     7 |    51 |    10 ||    68
 Abil: Dig               |       |       |     3 |     4 ||     7
Evoke: Wand              |       |       |       |     1 ||     1
  Use: Scroll            |       |     5 |     4 |     9 ||    18
       Potion            |       |       |       |     1 ||     1
 Stab: Sleeping          |     3 |     2 |       |       ||     5
Armor: Robe              |     4 |    13 |    32 |       ||    49
       Ring mail         |       |       |   118 |    66 ||   184
Dodge: Dodged            |    14 |    33 |   171 |    52 ||   270

Table legend: (Time is in decaauts)
 A = Elapsed time spent in this place.
 B = Non-inter-level travel time spent in this place.
 C = Inter-level travel time spent in this place.
 D = Time resting spent in this place.
 E = Time spent auto-exploring this place.
 F = Levels seen in this place.
 G = Mean time per level.
                   A        B        C        D        E       F      G
               +--------+--------+--------+--------+--------+-----+--------+
         Total |  12708 |  12441 |    267 |   4260 |   6068 |  10 | 1270.8 |
       Dungeon |  12481 |  12237 |    244 |   4260 |   5873 |   9 | 1386.8 |
        Temple |    227 |    204 |     23 |      0 |    195 |   1 |  227.0 |
               +--------+--------+--------+--------+--------+-----+--------+

Top non-repeatable levels by time:
     D:7: 2641 daAuts
     D:4: 1657 daAuts
     D:1: 1547 daAuts
     D:3: 1411 daAuts
     D:5: 1323 daAuts
     D:8: 1296 daAuts
     D:9: 1051 daAuts
     D:6: 864 daAuts
     D:2: 687 daAuts
  Temple: 227 daAuts
